 Dungeon Crawl Stone Soup version 0.17-a0-2144-gd7f430c (webtiles) character file.

120281 Arkorax the Slayer (level 16, -1/170 HPs)
             Began as a Minotaur Gladiator on Oct 24, 2015.
             Was a High Priest of Okawaru.
             Incinerated by a smoke demon (3 damage)
             ... with a sticky flame
             ... on level 3 of the Abyss.
             The game lasted 01:20:26 (28253 turns).

Arkorax the Slayer (Minotaur Gladiator)            Turns: 28253, Time: 01:20:26

Health: -1/170     AC: 40    Str: 34    XL:     16   Next: 29%
Magic:  17/17      EV: 13    Int:  8    God:    Okawaru [*****.]
Gold:   1752       SH:  7    Dex: 17    Spells: 0 memorised, 15 levels left

rFire  . . .     SeeInvis +     J - +9 scimitar of Zuoborgh {drain, rC- Dex+5}
rCold  x . .     Clarity  +     Q - +8 orange crystal plate armour {Archmagi, Int+3 Clar SustAt}
rNeg   + . .     SustAt   +     T - +0 buckler {rN+}
rPois  +         Gourm    .     S - +1 hat {SInv}
rElec  .         Spirit   .     L - +0 cloak {+Inv}
rCorr  .         Warding  .     M - +2 pair of gloves {archery}
rMut   +         Stasis   .     P - +1 pair of boots {Fly}
MR     +....                    v - amulet of resist mutation
Stlth  ..........               n - ring of Zyjil {Str+3 Stlth+}
                                h - ring of poison resistance

@: mighty, liquid flames, heroism, glowing, somewhat resistant to hostile
enchantments, extremely unstealthy
A: retaliatory headbutt, horns 2, berserk 1, blurry vision 1, deformed body, low
mp 1, screaming 1
a: Heroism, Finesse, Renounce Religion, Evoke Invisibility, Evoke Flight


You were on level 3 of the Abyss.
You worshipped Okawaru.
Okawaru was extremely pleased with you.
You were very full.

You visited 4 branches of the dungeon, and saw 26 of its levels.
You visited the Abyss 1 time.
You also visited: Labyrinth.

You collected 1752 gold pieces.

Inventory:

Hand Weapons
 B - a +0 scimitar of holy wrath
 J - the +9 scimitar of Zuoborgh (weapon) {drain, rC- Dex+5}
   (You acquired it on level 13 of the Dungeon)

   A truly terrible weapon, it drains the life of those it strikes.
   It affects your dexterity (+5).
   It makes you vulnerable to cold.
 Z - a +2 scimitar of flaming
Missiles
 d - 5 throwing nets (quivered)
 p - 2 javelins of penetration
Armour
 L - a +0 cloak of invisibility (worn)
 M - a +2 pair of gloves of archery (worn)
 P - a +1 pair of boots of flying (worn)
 Q - the +8 orange crystal plate armour (worn) {Archmagi, Int+3 Clar SustAt}
   (You took it off a minotaur in a labyrinth)

   It affects your intelligence (+3).
   It sustains your strength, intelligence and dexterity.
   It protects you against confusion.
 S - a +1 hat of see invisible (worn)
 T - a +0 buckler of positive energy (worn)
Jewellery
 h - a ring of poison resistance (left hand)
 n - the ring of Zyjil (right hand) {Str+3 Stlth+}
   (You took it off an orc wizard on level 10 of the Dungeon)

   [ring of stealth]

   It affects your strength (+3).
   It makes you more stealthy.
 v - an amulet of resist mutation (around neck)
 I - an uncursed ring of protection from cold
Wands
 a - a wand of fireball (3)
 u - a wand of magic darts (10)
 O - a wand of slowing (23)
 R - a wand of flame (28)
 U - a wand of slowing (18)
Scrolls
 b - 3 scrolls of blinking
 g - 15 scrolls of remove curse
 j - 6 scrolls of recharging
 k - 16 scrolls of identify
 r - 6 scrolls of amnesia
 x - 2 scrolls of enchant weapon
 z - 6 scrolls of fog
 V - 3 scrolls of magic mapping
Potions
 l - a potion of mutation {unknown}
 o - 2 potions of cure mutation {unknown}
 q - a potion of resistance {unknown}
 s - 3 potions of magic
 t - 2 potions of flight {unknown}
 A - 7 potions of brilliance {unknown}
 C - a potion of invisibility {unknown}
 F - 2 potions of ambrosia
 G - a potion of agility {unknown}
 W - a potion of lignification {unknown}
 Y - a potion of cancellation {unknown}
Comestibles
 e - 3 bread rations
 f - 15 fruits
 i - 2 royal jellies
 D - 5 slices of pizza
 H - 7 meat rations
 K - 11 beef jerkies


   Skills:
 * Level 22.4(27) Fighting
 - Level 11.8(16.8) Long Blades
 - Level 2.0(7.0) Throwing
 * Level 18.9(23.9) Armour
 - Level 3.2(8.2) Dodging
 - Level 7.4(12.4) Shields
 - Level 5.4 Invocations
 - Level 1.9 Evocations


You had 15 spell levels left.
You didn't know any spells.

Dungeon Overview and Level Annotations

Branches:
Dungeon (15/15) Temple (1/1) D:4 Lair (8/8) D:9 Swamp (0/4) Lair:4 Snake (2/4) Lair:5 Slime (0/6) Lair:8 Orc (0/4) D:12 Vaults (0/5) D:13 D:14 Depths (0/5) D:15

Altars:
Ashenzari
Cheibriados
Dithmenos
Elyvilon
Fedhas
Gozag
Kikubaaqudgha
Makhleb
Nemelex Xobeh
Okawaru
Qazlal
Ru
Sif Muna
Trog
Vehumet
Xom
Yredelemnul
Zin
The Shining One
Beogh
Jiyva

Shops:
D:5 (   D:15 }[

Annotations:
Snake:1 Kirke
Snake:2 Louise


Innate Abilities, Weirdness & Mutations

You reflexively headbutt those who attack you in melee.
You have a pair of horns on your head.
[You tend to lose your temper in combat.]
[Scrolls take you a little longer to read.]
[Armour fits poorly on your strangely shaped body.]
[Your magical capacity is low (-10% MP).]
[You occasionally shout uncontrollably at your foes.]


Message History

A smoke demon comes into view.
You shout at the smoke demon!
You open the wretched star like a pillowcase!!!
You destroy the wretched star!
You hear a roar!
The smoke demon gestures at you. Something smites you!
* * * LOW HITPOINT WARNING * * *
The smoke demon gestures at you. The sticky flame hits you!
You are covered in liquid flames!
You slash the smoke demon!
The smoke demon is moderately wounded.
You are covered in liquid flames!
* * * LOW HITPOINT WARNING * * *
You slice the smoke demon!!
You kill the smoke demon!
Okawaru accepts your kill.
You are covered in liquid flames!
You die...

# ##.# . . # . #
#.......#
........ . .
###...... #
..#....... # ..
.....## . ..
......# #
.#..#.#####.#####
.......@.....†.#
.
#################


There were no monsters in sight!

Vanquished Creatures
  Rupert (D:13)
  Gastronok (Lair:1)
  Agnes (D:14)
  Frances (D:12)
  2 fire giants
  An angel (Abyss:1)
  Nessos (Lair:8)
  A minotaur (Lab)
  Josephine (Lair:4)
  8 hydras
  A rakshasa (D:14)
  3 anacondas (Snake:1)
  4 centaur warriors
  The ghost of pajak713 the Archer, a novice CeHu of Okawaru (D:10)
  2 thrashing horrors (Abyss:1)
  11 death yaks
  A tengu warrior (D:13)
  8 naga sharpshooters (Snake:1)
  Sonja (D:14)
  3 wretched stars
  A shadow wraith (Abyss:1)
  The ghost of vible the Basher, a novice GrFi of Makhleb (D:8)
  A skeletal warrior (D:13)
  A giant orange brain (Abyss:1)
  5 hill giants
  Pikel (D:7)
  3 naga ritualists
  A wolf spider zombie (Abyss:3)
  5 mana vipers
  2 unseen horrors
  An orc knight (D:13)
  9 ugly things
  2 wolf spiders
  3 griffons
  An octopode (shapeshifter) (D:14)
  2 guardian serpents
  23 elephants
  3 cyclopes
  A hornet (Lair:8)
  Maurice (D:11)
  A salamander (Snake:1)
  3 naga magi (Snake:1)
  2 gargoyles
  22 black mambas
  A sixfirhy (Abyss:1)
  18 spiny frogs
  A yaktaur (D:12)
  5 komodo dragons
  3 fire drakes
  A kobold demonologist (D:12)
  3 smoke demons
  An efreet (D:14)
  An ancient zyme (Abyss:1)
  A polar bear (Lair:8)
  4 two-headed ogres
  Grinder (D:4)
  Prince Ribbit (D:6)
  4 raiju
  12 blink frogs
  A bog body (Lair:4)
  2 slime creatures
  A boulder beetle (Lair:8)
  3 trolls
  Sigmund (D:5)
  A redback (Lair:8)
  2 trapdoor spiders (D:13)
  6 hippogriffs
  A deep elf mage (D:12)
  33 yaks
  Eustachio (D:4)
  A hog (shapeshifter) (D:15)
  20 humans
  A steam dragon (D:8)
  15 nagas
  A wyvern (Lair:8)
  2 hungry ghosts
  5 wraiths
  4 vampire mosquitoes
  16 wolves
  2 mottled dragons
  A golden eye (Abyss:1)
  2 neqoxecs
  Edmund (Lair:7)
  A soldier ant (D:12)
  3 slaves (D:6)
  6 porcupines
  Duvessa (D:7)
  22 water moccasins
  2 large abominations
  10 spiders (Lair:8)
  9 orc warriors
  3 ice beasts
  A phantom (D:8)
  3 wasps (Lair:8)
  2 black bears
  6 ogres
  2 eyes of draining
  A necrophage (D:7)
  3 sky beasts
  3 big kobolds
  5 centaurs
  16 crocodiles
  Blork the orc (D:5)
  2 brain worms
  15 giant frogs
  2 wyvern zombies
  A wyvern skeleton (D:12)
  Dowan (D:7)
  2 vampire bats (Lair:1)
  3 scorpions
  4 wights (D:12)
  An electric eel (Lair:1)
  5 hounds
  3 giant frog zombies
  4 small abominations
  5 crimson imps
  A quasit (Abyss:1)
  3 starcursed masses
  12 jellies
  3 giant frog skeletons (D:12)
  13 orc priests
  11 orc wizards
  3 centaur skeletons
  15 worker ants
  3 iguanas
  13 sheep
  2 hell rats (Lair:5)
  A worker ant zombie (D:10)
  21 adders
  51 river rats
  2 shadow imps
  A white imp (Abyss:1)
  11 oozes (Lair:1)
  2 adder zombies
  A worm (D:2)
  6 giant geckos
  47 orcs
  2 ball pythons (D:3)
  3 giant cockroaches
  7 goblins
  6 hobgoblins
  12 jackals
  6 quokkas
  12 bats
  7 giant newts
  2 jackal skeletons
  26 kobolds
  A quokka skeleton (D:9)
  A quokka zombie (D:7)
  19 rats
  A plant (Lair:8)
803 creatures vanquished.

Vanquished Creatures (others)
  51 fungi
  16 plants
  9 starspawn tentacles (Abyss:1)
  120 starspawn tentacle segments (Abyss:1)
196 creatures vanquished.

Grand Total: 999 creatures vanquished

Notes
Turn   | Place    | Note
--------------------------------------------------------------
     0 | D:1      | Arkorax the Minotaur Gladiator began the quest for the Orb.
     0 | D:1      | Reached XP level 1. HP: 18/18 MP: 0/0
   240 | D:1      | Reached skill level 4 in Long Blades
   396 | D:1      | Reached XP level 2. HP: 25/25 MP: 1/1
   811 | D:2      | Reached XP level 3. HP: 28/30 MP: 2/2
   858 | D:2      | Reached skill level 5 in Long Blades
  1178 | D:2      | Found a bloodstained altar of Trog.
  1185 | D:2      | Found a basalt altar of Yredelemnul.
  1185 | D:2      | Found a burning altar of Makhleb.
  1193 | D:2      | Found a shadowy altar of Dithmenos.
  1194 | D:2      | Found a snail-covered altar of Cheibriados.
  1464 | D:3      | Reached XP level 4. HP: 28/38 MP: 1/3
  1524 | D:3      | Found a shattered altar of Ashenzari.
  1525 | D:3      | Found a deep blue altar of Sif Muna.
  1975 | D:3      | Reached skill level 6 in Long Blades
  1975 | D:3      | Reached XP level 5. HP: 10/46 MP: 1/4
  2372 | D:4      | Noticed an ogre
  2379 | D:4      | Killed an ogre
  2379 | D:4      | Reached skill level 5 in Fighting
  2464 | D:4      | Noticed Grinder
  2491 | D:4      | Paralysed by Grinder for 5 turns
  2498 | D:4      | Killed Grinder
  2498 | D:4      | Reached skill level 7 in Long Blades
  2498 | D:4      | Reached XP level 6. HP: 19/57 MP: 3/5
  2769 | D:4      | Noticed an ogre
  2778 | D:4      | Killed an ogre
  2778 | D:4      | Reached XP level 7. HP: 37/64 MP: 2/6
  2846 | D:4      | Found a staircase to the Ecumenical Temple.
  2876 | Temple   | Entered the Ecumenical Temple
  2880 | Temple   | Became a worshipper of Warmaster Okawaru
  3083 | D:4      | Noticed Eustachio
  3129 | D:4      | Killed Eustachio
  3129 | D:4      | Reached skill level 8 in Long Blades
  3691 | D:5      | Entered Level 5 of the Dungeon
  3691 | D:5      | Noticed Blork the orc
  3701 | D:5      | Killed Blork the orc
  3701 | D:5      | Reached * piety under Okawaru
  3985 | D:5      | Noticed Sigmund
  4045 | D:5      | Killed Sigmund
  4045 | D:5      | Reached XP level 8. HP: 11/75 MP: 1/7
  4353 | D:5      | Found Hueluw's Weapon Emporium.
  4679 | D:5      | Found an opulent altar of Gozag.
  4886 | D:6      | Reached skill level 9 in Fighting
  5135 | D:6      | Reached ** piety under Okawaru
  5352 | D:6      | Reached skill level 10 in Fighting
  5681 | D:7      | Reached skill level 10 in Long Blades
  5686 | D:7      | Noticed Prince Ribbit
  5720 | D:6      | Killed Prince Ribbit
  5720 | D:6      | Reached XP level 9. HP: 36/86 MP: 3/8
  6129 | D:7      | Reached skill level 11 in Fighting
  6433 | D:7      | Noticed Pikel
  6573 | D:7      | Killed Pikel
  6614 | D:7      | Reached skill level 12 in Fighting
  7106 | D:7      | Noticed Duvessa
  7106 | D:7      | Noticed Dowan
  7113 | D:7      | Killed Dowan
  7135 | D:7      | Killed Duvessa
  7632 | D:8      | Reached *** piety under Okawaru
  7940 | D:8      | Noticed vible's ghost (novice GrFi)
  7952 | D:8      | Killed vible's ghost
  7952 | D:8      | Reached skill level 13 in Fighting
  7952 | D:8      | Reached XP level 10. HP: 86/101 MP: 6/9
  8349 | D:8      | Got a smoking ring mail
  8360 | D:8      | Identified the +1 ring mail of Least Resistance {-Tele rPois Regen+ Str+4} (You found it on level 8 of the Dungeon)
  8526 | D:8      | Reached **** piety under Okawaru
  8833 | D:9      | Reached skill level 1 in Shields
  8966 | D:9      | Found a staircase to the Lair.
  9497 | D:10     | Entered Level 10 of the Dungeon
  9530 | D:10     | Noticed pajak713's ghost (novice CeHu)
  9580 | D:10     | Killed pajak713's ghost
  9586 | D:10     | Reached skill level 14 in Fighting
  9612 | D:10     | Got a transparent lead ring
  9734 | D:10     | Noticed a hill giant
  9742 | D:10     | Killed a hill giant
  9840 | D:10     | Found a basalt altar of Yredelemnul.
  9875 | D:10     | Noticed an eight-headed hydra
 10057 | Lair:1   | Entered Level 1 of the Lair of Beasts
 10135 | Lair:1   | Noticed Gastronok
 10178 | Lair:1   | Killed Gastronok
 10178 | Lair:1   | Reached ***** piety under Okawaru
 10178 | Lair:1   | Received a gift from Okawaru
 10178 | Lair:1   | Reached skill level 15 in Fighting
 10178 | Lair:1   | Reached skill level 5 in Shields
 10178 | Lair:1   | Reached skill level 1 in Evocations
 10178 | Lair:1   | Reached XP level 11. HP: 88/112 MP: 10/10
 10201 | Lair:1   | Identified the ring of Zyjil {Str+3 Stlth+} (You took it off an orc wizard on level 10 of the Dungeon)
 10526 | Lair:1   | Received a gift from Okawaru
 11389 | Lair:1   | Reached skill level 16 in Fighting
 11757 | Lair:2   | Reached skill level 1 in Invocations
 12552 | Lair:3   | Got an ichor-stained leather armour
 12553 | Lair:3   | Identified the +4 leather armour of Distant Shores {*Confuse rElec rF+ Str+7} (You found it on level 3 of the Lair of Beasts)
 12647 | Lair:3   | Reached skill level 17 in Fighting
 12772 | Lair:3   | Reached XP level 12. HP: 125/125 MP: 13/13
 12899 | Lair:3   | Received a gift from Okawaru
 13002 | Lair:3   | Identified a scroll of acquirement
 13299 | Lair:3   | Reached skill level 18 in Fighting
 13865 | Lair:4   | Noticed Josephine
 13879 | Lair:4   | Killed Josephine
 13879 | Lair:4   | Reached skill level 5 in Invocations
 14076 | Lair:4   | Found a staircase to the Swamp.
 14092 | Lair:4   | Noticed an eight-headed hydra
 14205 | Lair:4   | Received a gift from Okawaru
 14283 | Lair:4   | Killed a 13-headed hydra
 14283 | Lair:4   | Reached skill level 19 in Fighting
 14370 | Lair:4   | Noticed an eight-headed hydra
 14395 | Lair:4   | Killed a 13-headed hydra
 14395 | Lair:4   | Reached skill level 1 in Armour
 14458 | Lair:4   | Noticed a four-headed hydra
 14467 | Lair:4   | Killed a nine-headed hydra
 14864 | Lair:5   | Found a staircase to the Snake Pit.
 15180 | Lair:5   | Reached XP level 13. HP: 104/138 MP: 16/16
 15822 | Lair:5   | Reached skill level 5 in Armour
 16099 | Lair:5   | Received a gift from Okawaru
 16516 | Lair:6   | Reached skill level 20 in Fighting
 16520 | Lair:6   | Reached ****** piety under Okawaru
 16525 | Lair:6   | Received a gift from Okawaru
 17169 | Lair:7   | You fall through a shaft!
 17169 | Lair:8   | Entered Level 8 of the Lair of Beasts
 17530 | Lair:7   | Noticed Edmund
 17569 | Lair:7   | Killed Edmund
 17716 | Lair:6   | Reached skill level 10 in Armour
 17959 | Lair:7   | Reached XP level 14. HP: 108/149 MP: 17/17
 18492 | Lair:8   | Noticed Nessos
 18635 | Lair:8   | Found a viscous altar of Jiyva.
 18635 | Lair:8   | Found a staircase to the Slime Pits.
 18895 | Lair:8   | Reached skill level 21 in Fighting
 18912 | Lair:8   | Received a gift from Okawaru
 19150 | Lair:8   | Killed Nessos
 19740 | Lair:8   | Received a gift from Okawaru
 20694 | D:11     | Noticed Maurice
 20705 | D:11     | Killed Maurice
 20985 | D:12     | Found a staircase to the Orcish Mines.
 21130 | D:12     | Found a roughly hewn altar of Beogh.
 21452 | D:12     | Noticed a fire giant
 21488 | D:12     | Killed a fire giant
 21695 | D:12     | Noticed Frances
 21725 | D:12     | Killed Frances
 22496 | D:13     | Got a warped scimitar
 22497 | D:13     | Identified the +9 scimitar of Zuoborgh {drain, rC- Dex+5} (You acquired it on level 13 of the Dungeon)
 22511 | D:13     | Found a shadowy altar of Dithmenos.
 22799 | D:14     | Noticed Agnes
 22807 | D:14     | Killed Agnes
 22807 | D:14     | Reached XP level 15. HP: 95/158 MP: 18/18
 22819 | D:14     | Received a gift from Okawaru
 22866 | D:14     | Found a labyrinth entrance.
 22875 | Lab      | Entered a labyrinth
 23060 | Lab      | Got a dazzling steam dragon armour
 23112 | D:14     | Identified the +0 steam dragon armour of Awe {-Cast rElec rPois Int+6} (You found it in a labyrinth)
 23246 | D:14     | Noticed Sonja
 23266 | D:14     | Killed Sonja
 23266 | D:14     | Reached skill level 15 in Armour
 23775 | D:14     | Found a gate to the Vaults.
 23775 | D:14     | Noticed Rupert
 23845 | D:13     | Killed Rupert
 24389 | D:15     | Entered Level 15 of the Dungeon
 24390 | D:15     | Found Xevuj's Gadget Boutique.
 24477 | D:15     | Found a staircase to the Depths.
 24879 | D:15     | Found Pugru's Armour Shop.
 25476 | D:10     | Killed a 13-headed hydra
 25678 | Snake:1  | Entered Level 1 of the Snake Pit
 26098 | Snake:1  | Received a gift from Okawaru
 26790 | Snake:1  | Received a gift from Okawaru
 26790 | Snake:1  | Reached skill level 22 in Fighting
 26830 | Snake:1  | Noticed Kirke
 26850 | Snake:1  | Reached XP level 16. HP: 80/169 MP: 17/19
 27408 | Snake:2  | Noticed Louise
 27416 | Snake:2  | Cast into the Abyss (Louise)
 27416 | Abyss:1  | Found a corrupted altar of Lugonu.
 27752 | Abyss:1  | Noticed a bone dragon
 27773 | Abyss:1  | Noticed an ancient lich
 27789 | Abyss:1  | Noticed a tentacled starspawn
 27825 | Abyss:1  | Noticed a bone dragon
 27826 | Abyss:1  | Noticed a tentacled starspawn
 27983 | Abyss:3  | HP: 8/170 [starcursed mass/accursed screaming (6)]
 28089 | Abyss:3  | Noticed a tentacled starspawn
 28250 | Abyss:3  | HP: 5/170 [smoke demon/divine providence (12)]
 28252 | Abyss:3  | HP: 2/170 [burnt (4)]
 28253 | Abyss:3  | Incinerated by a smoke demon

Vault maps used:
D:1:      tarquinn_simple_flora_water_f, supply_closet_lemuel,
          serial_park_tiny_1, st_stairs_9
D:2:      minitemple
D:3:      gammafunk_temple_overflow_statue
D:4:      minmay_temple_entry_grid, uniq_grinder, uniq_eustachio
D:5:      lemuel_coloured_pillars_altar, serial_shops, shop, first_bread,
          uniq_blork_the_orc, uniq_sigmund
D:6:      kennysheep_cluttered_room
D:7:      uniq_duvessa, uniq_pikel, uniq_prince_ribbit1
D:9:      lair_0_dummy
D:10:     basic_altar
D:11:     grunt_ogre_cave, uniq_maurice
D:12:     minmay_connected_boxes_in_corner, minmay_orc_entry_temple_small,
          uniq_frances
D:13:     basic_altar, minmay_misc_feat_roman
D:14:     david_vaults_3, lab_entry_generic, uniq_agnes, uniq_sonja
D:15:     grunt_enter_depths_giant_problem, serial_shops, shop, shop
Temple:   triangle_lava_temple_11
Lair:1:   lemuel_slime, roderic_batcave, nicolae_quartered_pool_super,
          lemuel_fruit_fields, serial_bayou_shore_a,
          infiniplex_staircase_pool_2, uniq_gastronok
Lair:2:   lemuel_fruit_fields
Lair:3:   mu_elephants_graveyard
Lair:4:   swamp_mist, uniq_josephine
Lair:5:   kennysheep_abandoned_house, serial_bayou_shore_b
Lair:7:   erik_1
Lair:8:   hangedman_lair_tendril_chambers, slime_altar_1, uniq_nessos
Snake:1:  grunt_ministairs_11, nicolae_snake_salamander_stairs, uniq_kirke
Snake:2:  serial_shops, shop, shop, uniq_asterion, uniq_louise
Abyss:1:  hangedman_abyss_shoalhut
Abyss:2:  evilmike_abyss_exit_3
Abyss:3:  evilmike_abyss_exit_15
Lab:      labyrinth_watery, nicolae_lab_checkerboard

Action                   |  1- 3 |  4- 6 |  7- 9 | 10-12 | 13-15 | 16-18 || total
-------------------------+-------+-------+-------+-------+-------+-------++-------
Melee: Long sword        |   110 |    79 |   268 |   490 |       |       ||   947
       Scimitar          |       |       |       |   189 |  1503 |   167 ||  1859
Invok: Heroism           |       |       |     5 |     9 |    12 |     4 ||    30
       Finesse           |       |       |       |     2 |     4 |     2 ||     8
 Abil: Stop Flying       |       |       |       |     1 |       |       ||     1
Evoke: Wand              |       |       |       |     8 |     1 |       ||     9
  Use: Scroll            |     6 |       |       |    19 |    16 |     2 ||    43
       Potion            |     1 |     2 |     2 |     6 |     6 |     5 ||    22
 Stab: Sleeping          |       |       |       |     5 |     7 |       ||    12
  Eat: Chunk             |     2 |     1 |     3 |     1 |     3 |       ||    10
       Bread ration      |       |     1 |     2 |     3 |     9 |       ||    15
       Beef jerky        |       |       |     1 |     1 |       |       ||     2
       Meat ration       |       |       |     1 |     2 |       |     2 ||     5
       Fruit             |       |       |       |     1 |       |       ||     1
